 Dungeon Crawl Stone Soup version 0.20.0-14-g326068f (webtiles) character file.

30 Chiseanne the Cutter (level 3, 28/28 HPs)
             Began as a Demonspawn Wanderer on June 8, 2017.
             Quit the game on level 1 of the Dungeon.
             The game lasted 00:01:36 (803 turns).

Chiseanne the Cutter (Demonspawn Wanderer)           Turns: 803, Time: 00:01:36

Health: 28/28      AC:  6    Str: 13    XL:     3   Next: 3%
Magic:  3/3        EV: 10    Int: 12    God:
Gold:   43         SH:  0    Dex: 13    Spells: 2/2 levels left

rFire    . . .     SeeInvis .   a - +2 short sword
rCold    . . .     Gourm    .   (no shield)
rNeg     . . .     Faith    .   g - +0 ring mail
rPois    .         Spirit   .   (helmet restricted)
rElec    .         Reflect  .   (no cloak)
rCorr    .         Harm     .   o - +0 pair of gloves
MR       .....                  (no boots)
Stlth    +.........             (no amulet)
Regen    0.1/turn               (no ring)
MPRegen  0.1/turn               (no ring)

@: no status effects
A: antennae 1, powered by death 1
a: no special abilities


You were on level 1 of the Dungeon.
You were not hungry.

You visited 1 branch of the dungeon, and saw 1 of its levels.

You collected 43 gold pieces.

Inventory:

Hand Weapons
 a - a +2 short sword (weapon)
Missiles
 i - 56 stones (quivered)
Armour
 g - a +0 ring mail (worn)
 o - a +0 pair of gloves (worn)
Scrolls
 b - 2 scrolls of teleportation
 k - a scroll of identify {unknown}
 l - a scroll of fear {unknown}
 m - a scroll of immolation {unknown}
 n - a scroll of enchant weapon {unknown}
Potions
 c - 2 potions of curing
 d - a potion of ambrosia {unknown}
 e - a potion of haste {unknown}
 h - 2 potions of lignification {unknown}
 j - 2 potions of heal wounds {unknown}
Comestibles
 f - 2 bread rations


   Skills:
 * Level 2.6 Fighting
 - Level 3.6 Short Blades
   Level 1.0 Crossbows
 - Level 1.0 Throwing
 * Level 1.5 Armour
 * Level 1.4 Dodging
   Level 1.0 Shields


You had 2 spell levels left.
You didn't know any spells.

Dungeon Overview and Level Annotations

Branches:
Dungeon (1/15)

Altars:


Innate Abilities, Weirdness & Mutations

You have a pair of small antennae on your head.
You regenerate a little health from kills.


Message History

You see here a pair of gloves.
o - a pair of gloves You hit the ooze.
The ooze is lightly wounded.
The ooze hits you but does no damage.
You hit the ooze.
The ooze is heavily wounded.
The ooze closely misses you.
You puncture the ooze!
You kill the ooze!
You have reached level 3!
Your experience leads to an increase in your attributes!
Increase (S)trength, (I)ntelligence, or (D)exterity?
You feel agile.
Your demonic ancestry asserts itself...
A pair of antennae grows on your head!
Wear which item? (? for menu, Esc to quit)
You start putting on your armour.
You continue putting on your pair of gloves. x4
You finish putting on your +0 pair of gloves.
Are you sure you want to abandon this character and quit the game? (Confirm with "yes".)

##### ######### #...#
#........ #...# ##
......... #...######.
#........
##...#......####........
.†...#.# #....@...#
##.....# #.########
##....######.# #########
.............######.......#
..........................#
.....##############.......#
........##### ####.#######
#.###.......# #....# ..#
##..###.####.#### #########


There were no monsters in sight!

Vanquished Creatures
  An ooze (D:1)
  A dart slug (D:1)
  A giant cockroach (D:1)
  2 goblins (D:1)
  2 hobgoblins (D:1)
  8 kobolds (D:1)
  3 bats (D:1)
  A frilled lizard (D:1)
  5 rats (D:1)
24 creatures vanquished.

Notes
Turn   | Place    | Note
-------+----------+-------------------------------------------
     0 | D:1      | Chiseanne the Demonspawn Wanderer began the quest for the Orb.
     0 | D:1      | Chiseanne set off with: a +2 short sword, a scroll of teleportation, a potion of curing, a +0 robe, a bread ration
     0 | D:1      | Reached XP level 1. HP: 16/16 MP: 1/1
   155 | D:1      | Reached skill level 1 in Dodging
   223 | D:1      | Gained mutation: You regenerate a little health from kills. [demonic ancestry]
   223 | D:1      | Reached XP level 2. HP: 6/22 MP: 2/2
   797 | D:1      | Gained mutation: You have a pair of small antennae on your head. [demonic ancestry]
   797 | D:1      | Reached XP level 3. HP: 28/28 MP: 3/3
   803 | D:1      | Quit the game

Skill      XL: |  1 |
---------------+----+-----
Dodging        | 1 |  1.4
Fighting       | |  2.6
Short Blades   | |  3.6
Crossbows      | |  1.0
Throwing       | |  1.0
Armour         | |  1.5
Shields        | |  1.0

Action                   || total
-------------------------++-------
Melee: Short sword       ||    90
Armor: Ring mail         ||    64
Dodge: Dodged            ||    55
